Map: Zielone pola

Players

Sundog

  • Race: Terran Terran
  • Spawn Location: 7:00

ETHO

  • Race: Terran Terran
  • Spawn Location: 6:00

janis

  • Race: Protoss Protoss
  • Spawn Location: 9:00

Gracz

  • Race: Protoss Protoss
  • Spawn Location: 12:00

YuNiT

  • Race: Protoss Protoss
  • League: Platinum
  • Spawn Location: 3:00

Kabelino

  • Race: Terran Terran
  • Spawn Location: 1:00

VOD

Have the link to the VOD?

Description

Time

  • Played on: Feb. 26, 2016, 6:54 p.m.
  • Length: 9:42
Show
View Real Time Build Order
Export as new Build Order

Sundog Terran 

Build Orders:  

Get SALT Encoding   

  12  6:27  SCV  
  13  6:39  SCV  
  14  6:51  SCV  
  15  8:37  Refinery  
  15  8:42  Refinery  
  15  8:45  Supply Depot  
  15  9:06  SCV  
  16  9:18  SCV  
Show
View Real Time Build Order
Export as new Build Order

ETHO Terran 

Build Orders: MMM Bio 

Get SALT Encoding   

  12  0:01  SCV  
  13  0:13  SCV  
  14  0:18  Supply Depot  
  14  0:27  Refinery x2, SCV  
  15  0:40  Barracks  
  15  0:46  SCV  
  16  0:55  Barracks  
  16  0:58  SCV  
  17  1:10  SCV  
  18  1:11  Barracks  
  18  1:22  SCV  
  19  1:30  Barracks Tech Lab  
  19  1:43  Barracks Reactor  
  19  1:45  Orbital Command  
  19  1:49  Concussive Shells, Marauder  
  21  1:59  Barracks Reactor  
  21  2:01  Factory  
  21  2:10  Marauder  
  23  2:31  Marine x2, Supply Depot, SCV  
  23  2:32  Stimpack  
  23  2:33  Supply Depot  
  23  2:37  Marine x2  
  26  2:43  SCV  
  29  2:49  Starport  
  29  3:05  Factory Reactor  
  29  3:07  Marine x4  
  29  3:11  Marauder  
  35  3:28  Supply Depot  
  35  3:34  Barracks Tech Lab  
  35  3:36  Medivac x2  
  39  3:41  SCV  
  39  3:42  Supply Depot  
  39  3:45  Engineering Bay  
  40  3:50  Marine, Marauder  
  40  3:54  Marauder  
  45  3:57  Combat Shields  
  45  4:07  Supply Depot  
  45  4:20  Marauder  
  45  4:21  Marine x2, Marauder  
  51  4:26  SCV  
  51  4:29  Widow Mine  
  51  4:30  Widow Mine  
  56  4:36  Medivac  
  58  4:42  Marauder  
  60  5:02  Marine x2, Marauder  
  60  5:03  Marauder  
  66  5:08  Terran Infantry Weapons Level 1  
  66  5:12  Supply Depot  
  54  5:29  SCV  
  54  5:33  Marine x3  
  54  5:34  Marine  
  59  5:41  SCV  
  56  6:03  SCV  
  57  6:05  Marine x2  
  57  6:06  Marine, Marauder  
  57  6:07  Medivac x2  
  66  6:15  SCV  
  63  6:22  Widow Mine x2  
  63  6:23  Marine x2  
  63  6:24  Marauder  
  70  6:28  Marauder  
  70  6:30  Barracks  
  70  6:31  Missile Turret  
  72  6:33  Supply Depot  
  72  6:46  Marauder  
  74  7:05  Marine x3  
  74  7:06  Marine  
  78  7:16  Command Center  
  78  7:22  Marine x2  
  78  7:23  Marauder  
  78  7:25  Marauder  
  84  7:40  Marine x2  
  73  7:57  Marine x2  
  73  7:58  Marine x2  
  73  8:12  Barracks Reactor  
  73  8:14  Marine  
  73  8:15  Marauder  
  73  8:16  Marine x2  
  73  8:18  Medivac  
  73  8:19  Medivac  
  82  8:32  Marine  
  82  8:33  SCV  
  82  8:34  Missile Turret, Marine  
  84  8:36  Marauder  
  84  8:37  Orbital Command  
  84  8:40  Refinery  
  87  8:45  SCV  
  88  8:56  Marine x2  
  88  8:57  Marine x2, SCV, Marauder  
  88  8:58  Marauder  
  88  9:01  Armory  
Show
View Real Time Build Order
Export as new Build Order

janis Protoss 

Build Orders:  

Get SALT Encoding   

  12  0:03  Probe (Chrono Boost)  
  13  0:10  Pylon  
  13  0:14  Probe (Chrono Boost)  
  14  0:22  Assimilator  
  14  0:24  Probe (Chrono Boost)  
  15  0:33  Gateway  
  15  0:35  Probe (Chrono Boost)  
  16  0:45  Probe (Chrono Boost)  
  16  0:47  Gateway  
  17  0:56  Probe (Chrono Boost)  
  18  0:59  Pylon  
  18  1:02  Assimilator  
  18  1:06  Probe (Chrono Boost)  
  19  1:14  Gateway  
  19  1:17  Probe (Chrono Boost)  
  20  1:23  Cybernetics Core  
  20  1:27  Probe (Chrono Boost)  
  20  1:28  Zealot  
  23  1:38  Probe (Chrono Boost)  
  24  1:40  Gateway  
  24  1:49  Probe (Chrono Boost)  
  25  1:59  Probe (Chrono Boost)  
  26  2:03  Nexus  
  26  2:15  Robotics Facility, Warp Gate (Chrono Boost)  
  26  2:20  Probe  
  27  2:29  Twilight Council  
  27  2:34  Gateway  
  27  2:35  Probe  
  28  2:47  Probe  
  29  2:51  Robotics Facility  
  29  2:55  Pylon  
  29  2:59  Probe  
  29  3:04  Pylon  
  30  3:09  Charge  
  30  3:13  Probe  
  30  3:24  Probe  
  31  3:35  Probe  
  31  3:41  Pylon  
  32  3:45  Probe  
  28  3:56  Probe  
  26  4:08  Stalker x3  
  26  4:09  Stalker x2  
  34  4:13  Probe x2  
  36  4:23  Pylon  
  36  4:24  Probe  
  32  4:25  Probe  
  32  4:35  Stalker x2  
  32  4:37  Probe  
  29  4:49  Probe  
  30  4:55  Zealot  
  30  4:56  Zealot x2  
  31  5:01  Probe  
  31  5:03  Immortal (Chrono Boost)  
  36  5:08  Probe  
  37  5:19  Probe  
  36  5:23  Pylon  
  36  5:27  Pylon  
  36  5:30  Probe  
  36  5:31  Zealot x2  
  39  5:42  Probe  
  40  5:49  Zealot x3  
  44  5:54  Probe  
  45  6:02  Robotics Facility  
  45  6:06  Probe  
  45  6:09  Assimilator  
  46  6:14  Assimilator  
  46  6:17  Pylon  
  46  6:18  Probe  
  46  6:21  Immortal (Chrono Boost)  
  51  6:31  Probe  
  52  6:43  Stalker, Probe  
  52  6:44  Stalker x3  
  61  6:54  Probe  
  62  7:06  Probe  
  63  7:18  Pylon, Probe  
  64  7:23  Pylon  
  64  7:24  Pylon  
  64  7:27  Dark Shrine  
  64  7:30  Immortal (Chrono Boost)  
  64  7:34  Immortal (Chrono Boost)  
  76  7:37  Immortal (Chrono Boost)  
  76  7:56  Stalker  
  76  7:57  Stalker x4  
  86  8:09  Observer (Chrono Boost)  
  88  8:12  Observer (Chrono Boost)  
  88  8:26  Immortal (Chrono Boost)  
  92  8:28  Immortal (Chrono Boost)  
  92  8:30  Probe  
  97  8:42  Probe  
  97  8:43  Dark Templar  
  97  8:44  Dark Templar x3  
  106  8:54  Probe  
Show
View Real Time Build Order
Export as new Build Order

Gracz Protoss 

Build Orders:  

Get SALT Encoding   

  12  0:02  Probe (Chrono Boost)  
  13  0:27  Pylon  
  13  0:31  Assimilator  
  13  0:36  Pylon  
  13  0:41  Pylon  
  13  0:54  Probe (Chrono Boost)  
  14  1:04  Probe (Chrono Boost)  
  14  1:09  Gateway  
  15  1:15  Gateway  
  15  1:29  Gateway  
  15  1:41  Gateway  
  15  2:10  Cybernetics Core  
  15  2:37  Pylon  
  15  2:41  Probe (Chrono Boost)  
  15  2:42  Assimilator  
  17  2:51  Probe (Chrono Boost)  
  17  2:53  Stalker x3  
  23  2:59  Warp Gate (Chrono Boost)  
  23  3:01  Probe  
  24  3:14  Probe  
  25  3:26  Probe  
  26  3:32  Twilight Council  
  26  3:38  Probe  
  27  3:46  Forge  
  27  3:49  Stalker  
  29  4:09  Pylon  
  29  4:12  Pylon  
  29  4:22  Stalker  
  31  4:27  Protoss Air Weapons Level 1 (Chrono Boost)  
  31  4:28  Blink (Chrono Boost)  
  23  5:42  Nexus  
  21  5:50  Stalker x2  
  21  5:51  Stalker  
  21  5:53  Stalker  
  29  6:28  Assimilator  
  29  6:32  Probe  
  30  6:33  Assimilator  
  30  6:44  Probe  
  31  6:54  Probe  
  31  6:55  Stargate  
  31  6:56  Stargate, Mothership Core  
  31  7:01  Stargate  
  34  7:05  Probe  
  35  7:15  Probe  
  35  7:17  Probe  
  37  7:26  Probe  
  17  7:49  Stalker  
  17  7:50  Stalker x4  
  8  8:48  Probe  
  9  8:58  Probe  
  1  9:25  Nexus  
  1  9:31  Pylon  
Show
View Real Time Build Order
Export as new Build Order

YuNiT Protoss 

Build Orders:  

Get SALT Encoding   

  12  0:02  Probe (Chrono Boost)  
  13  0:12  Probe (Chrono Boost)  
  14  0:18  Pylon  
  14  0:23  Probe (Chrono Boost)  
  15  0:36  Probe (Chrono Boost)  
  15  0:41  Gateway  
  15  0:42  Assimilator  
  16  0:47  Probe (Chrono Boost)  
  17  0:58  Probe (Chrono Boost)  
  18  1:05  Assimilator  
  18  1:08  Probe (Chrono Boost)  
  19  1:14  Gateway  
  19  1:19  Probe (Chrono Boost)  
  20  1:29  Probe (Chrono Boost), Cybernetics Core  
  20  1:32  Pylon  
  21  1:40  Probe (Chrono Boost)  
  21  1:44  Pylon  
  22  1:50  Probe (Chrono Boost)  
  23  2:06  Warp Gate (Chrono Boost)  
  23  2:09  Stalker x2  
  23  2:12  Gateway  
  27  2:27  Pylon  
  27  2:35  Gateway  
  26  2:40  Pylon  
  26  2:44  Stalker  
  28  2:46  Sentry  
  30  2:55  Probe  
  31  3:28  Pylon  
  31  3:37  Pylon  
  25  4:24  Gateway  
  25  4:40  Stalker x2  
  29  4:52  Stalker x2  
  14  5:04  Stalker  
  7  5:39  Stalker x3  
  11  5:47  Nexus  
  1  6:56  Pylon  
  1  7:03  Probe  
  2  7:13  Probe  
  3  7:24  Probe  
  4  7:34  Probe  
  5  7:46  Probe  
  6  8:17  Pylon  
  6  8:19  Probe  
  7  8:30  Probe  
  8  8:40  Probe  
  9  8:59  Probe  
  10  9:10  Probe  
  11  9:20  Probe  
  13  9:39  Stalker x2  
  13  9:40  Stalker  
  13  9:41  Sentry x2  
Show
View Real Time Build Order
Export as new Build Order

Kabelino Terran 

Build Orders:  

Get SALT Encoding   

  12  0:03  SCV  
  13  0:15  SCV  
  13  0:19  Supply Depot  
  14  0:30  Refinery  
  14  0:34  SCV  
  15  0:46  Barracks  
  15  0:47  SCV  
  16  0:56  Refinery  
  16  1:06  SCV  
  17  1:18  SCV  
  18  1:30  SCV  
  19  1:39  Factory  
  20  1:44  Barracks Reactor  
  20  1:45  Orbital Command  
  19  2:01  Supply Depot  
  19  2:10  SCV  
  20  2:23  Marine x2, Factory Tech Lab, SCV  
  23  2:35  Starport  
  23  2:39  SCV  
  23  2:44  Siege Tank  
  27  2:45  Supply Depot  
  27  2:47  Marine  
  28  2:54  SCV  
  29  3:00  Marine  
  30  3:11  Marine  
  31  3:13  Medivac  
  33  3:30  SCV  
  33  3:31  Marine x2  
  33  3:32  Siege Tank  
  39  3:50  Supply Depot  
  39  4:11  Medivac, SCV  
  42  4:23  SCV  
  41  4:49  Marine x2  
  41  4:50  Siege Tank  
  46  5:01  Liberator  
  41  5:52  Siege Tank  
  41  5:54  SCV  
  45  5:59  Liberator  
  45  6:02  Marine x2  
  47  6:05  Barracks  
  47  6:08  Supply Depot  
  47  6:12  Engineering Bay  
  50  6:35  Factory  
  50  6:36  Marine  
  50  6:37  Marine  
  50  6:38  Siege Tank  
  55  6:45  Command Center  
  55  6:47  Missile Turret  
  55  6:53  Terran Infantry Weapons Level 1  
  55  6:54  Barracks Tech Lab  
  55  6:58  Barracks  
  55  7:06  Marine x2  
  57  7:10  Siege Tank  
  32  8:21  Marauder  
  32  8:22  Marine x3  
  32  8:24  Factory Reactor  
  32  8:25  Siege Tank  
  32  8:26  Orbital Command  
  40  8:30  Refinery x2  
  40  8:38  Bunker  
  40  8:39  Marine  
  40  8:40  Marine x2  
  43  8:41  Marine  
  43  8:43  Starport Reactor  
  43  8:45  SCV  
  45  8:54  Orbital Command  
  45  8:59  Bunker  
  45  9:01  Widow Mine  
  45  9:02  Widow Mine  
  49  9:11  Bunker, Marine  
  49  9:12  Marine x2  
  49  9:13  Marine  
  56  9:18  Bunker  
Tags
 
Add a new tag
Caveats
  • Supply blocks, unpowered buildings, or Contaminate may cause inaccurate times.
  • Supply counts are checked every 10 seconds.